[Event "FIDE WY-U16 Olympiad 2022"]
[Site "Nakhchivan"]
[Date "2022.10.06"]
[Round "5.3"]
[White "Zajakins, Artjoms"]
[Black "Zacarias Rodriguez, Santiago"]
[Result "0-1"]
[ECO "A56"]
[WhiteElo "1810"]
[BlackElo "2123"]
[Annotator "TA"]
[PlyCount "88"]
[EventDate "2022.10.02"]
[EventType "team-tourn"]
[EventCountry "AZE"]
[SourceTitle "playchess.com"]
[Source "ChessBase"]
[SourceQuality "1"]
[BlackTeam "Mexico"]
[BlackTeamCountry "MEX"]
[TimeControl "40/5400+30:1800+30"]

1. d4 Nf6 2. c4 c5 3. d5 g6 4. Nc3 Bg7 5. e4 d6 6. Nf3 O-O 7. h3 e6 8. Bd3 Nbd7 9. O-O e5 10. a3 {[%emt 0:00:28] E90: King's Indian: Classical: Early deviations and 6 h3.} h6 11. b4 Nh7 {[%emt 0:10:46] [#]} 12. Nb5 $146 {[%emt 0:00:20] White is better.} ({Predecessor:} 12. Qc2 b6 13. Rb1 Ndf6 14. bxc5 bxc5 15. Re1 Nh5 16. Bf1 Ng5 17. Nxg5 hxg5 18. g3 {½-½ (30) So,W (2760)-Carlsen,M (2870) Kolkata 2019}) 12... Qe7 13. Be3 b6 14. Qb1 (14. Qc1) 14... a6 15. Nc3 Ndf6 16. Na4 Qd8 17. bxc5 bxc5 18. Qb6 $1 Qe7 19. Rab1 Nh5 {[%emt 0:12:10] [#]} 20. Qa5 ({Better is} 20. Nxc5 $1 $16 {[%mdl 512] Black must now prevent Nb3.} dxc5 21. Bxc5) 20... Nf4 $1 $11 21. Bxf4 exf4 22. Nb6 {[%emt 0:00:23] [#]} (22. Rb3 $11 {deserves consideration.}) 22... Ng5 $1 $15 23. Nxg5 (23. Nxa8 $2 Nxf3+ 24. Kh1 Bxh3 $1 $19) 23... Qxg5 24. Nxc8 (24. Nxa8 $2 Bxh3 25. g3 fxg3 $19) 24... f3 25. Ne7+ $1 Kh7 {[%emt 0:02:49][%csl Gf3][%cal Rg5g2] The board is on fire.} 26. g3 {[%emt 0:00:30] Hoping for Nc6.} Qxe7 $40 {[%emt 0:02:07][%mdl 128] Black has some attack.} (26... Be5 {keeps more tension.} 27. Kh2 Qxe7 28. Rb3 Rab8) 27. Qd2 Be5 {[%emt 0:00:56] Inhibits Qf4.} 28. Rb3 h5 29. h4 Qd7 30. Rfb1 Qg4 (30... Qh3 $5 31. Bf1 $8 Qg4 $11) 31. Qg5 ({White should try} 31. Rb7 $11) 31... Kg7 ({Much weaker is} 31... Qh3 32. Bf1 Qg4 33. Qxg4 hxg4 34. Rb6 $11) 32. Qxg4 $4 {[%emt 0:04:29][%mdl 8192] This move loses the game for White.} ({White has to play} 32. a4 $1 $15) 32... hxg4 $19 33. Rb7 Kf6 {[%emt 0:01:37] Against Re7} 34. Bc2 g5 35. hxg5+ Kxg5 36. Ba4 $2 (36. Re7 Rfb8 37. Reb7 Rxb7 38. Rxb7) 36... Rh8 37. Bd7 Raf8 {[%emt 0:01:12] And now ...Bf6 would win.} 38. Bf5 (38. R1b6 $142 Bd4 39. e5 (39. Rxa6 {is a self mate.} Rh1+ 40. Kxh1 Bxf2) (39. Rxd6 $2 Rh3 $19)) 38... Bf6 39. e5 dxe5 40. Be4 Rh6 {[%emt 0:00:38] ( -> ...Rfh8)} 41. Rb8 {[%emt 0:03:14] [#]} Bd8 $1 {[%emt 0:00:08] Black mates.} 42. R1b3 Rfh8 43. Bxf3 gxf3 44. Rxf3 Rh1+ {[%emt 0:00:03] Weighted Error Value: White=0.49/Black=0.08 (flawless)} 0-1

[Event "FIDE WY-U16 Olympiad 2022"]
[Site "Nakhchivan"]
[Date "2022.10.06"]
[Round "5.4"]
[White "Akhilbay, Imangali"]
[Black "Aydin, Gulenay"]
[Result "1/2-1/2"]
[ECO "B52"]
[WhiteElo "2098"]
[BlackElo "2109"]
[Annotator "TA"]
[PlyCount "55"]
[EventDate "2022.10.02"]
[EventType "team-tourn"]
[EventCountry "AZE"]
[SourceTitle "playchess.com"]
[Source "ChessBase"]
[SourceQuality "1"]
[WhiteTeam "Kazakhstan"]
[BlackTeam "Turkey"]
[WhiteTeamCountry "KAZ"]
[BlackTeamCountry "TUR"]
[TimeControl "40/5400+30:1800+30"]

1. e4 c5 2. Nf3 d6 3. Bb5+ Bd7 4. Bxd7+ Qxd7 5. O-O Nc6 6. c3 Nf6 7. Re1 e6 8. d4 cxd4 9. cxd4 d5 10. e5 Ne4 11. Nbd2 {[%emt 0:01:59] The position is equal.} Nxd2 $1 {[%emt 0:00:08] B52: Sicilian: Moscow Variation with 3...Bd7.} ({Don't take} 11... Bb4 12. Nxe4 dxe4 13. Rxe4 $16) 12. Bxd2 Bb4 13. Re3 Bxd2 14. Qxd2 O-O 15. h4 h6 16. h5 Rac8 17. Rc1 Ne7 18. Rec3 Rxc3 19. Rxc3 Rc8 {[%emt 0:00:05] [#]} 20. Rxc8+ $146 (20. Rc5) (20. Ra3) ({Predecessor:} 20. b3 b6 21. g4 a5 22. Kg2 Rc6 23. a4 Qc7 24. Rxc6 Qxc6 25. Ne1 Qc7 26. Qc2 {1-0 (57) Dubov,D (2711)-Vasquez Schroder,R (2500) Chess.com INT 2022}) 20... Qxc8 $11 {[%emt 0:00:18][%mdl 4096] Endgame KQN-KQN} 21. g4 Qd8 22. Kf1 Nc6 23. b3 Qe7 24. Kg2 Kf8 25. Qf4 Kg8 26. Qd2 Kf8 27. Qf4 Kg8 28. Qd2 {[%emt 0:08:05] A rather calm draw.  Weighted Error Value: White=0.01 (flawless) /Black=0.02 (flawless)} 1/2-1/2

[Event "FIDE WY-U16 Olympiad 2022"]
[Site "Nakhchivan"]
[Date "2022.10.06"]
[Round "5.4"]
[White "Diaz Bartolo, Elizabeth Schahrazad"]
[Black "Maklakova, Naomi"]
[Result "1/2-1/2"]
[ECO "C28"]
[WhiteElo "1666"]
[BlackElo "1625"]
[Annotator "NA RC COMBH"]
[PlyCount "127"]
[EventDate "2022.10.02"]
[EventType "team-tourn"]
[EventCountry "AZE"]
[SourceTitle "playchess.com"]
[Source "ChessBase"]
[SourceQuality "1"]
[WhiteTeam "Mexico"]
[BlackTeam "Latvia"]
[WhiteTeamCountry "MEX"]
[BlackTeamCountry "LAT"]
[TimeControl "40/5400+30:1800+30"]

1. e4 e5 2. Nc3 Nc6 3. Bc4 Nf6 4. d3 Bb4 5. Nge2 O-O 6. O-O Na5 7. Bb3 Nxb3 8. axb3 c6 9. Kh1 d5 10. Bg5 Be7 11. exd5 Nxd5 12. Bxe7 Qxe7 13. Qd2 Bg4 14. f4 exf4 15. Nxf4 Qe3 16. Qxe3 Nxe3 17. Rf2 g5 18. h3 Bd7 19. Nh5 f5 20. Re1 f4 21. Ne4 Nd5 22. c4 Be8 23. cxd5 Bxh5 24. Nxg5 cxd5 25. Re7 Bg6 26. d4 b6 27. Ne6 Rfe8 28. Rxe8+ Rxe8 29. Nxf4 Re1+ 30. Kh2 Be4 31. Ne6 h6 32. Rf8+ Kh7 33. Rf7+ Kg6 34. Rxa7 Kf6 35. Nf4 Kg5 36. Kg3 Re3+ 37. Kf2 Rxb3 38. g3 Rxb2+ 39. Ke1 Rb3 40. Ne2 b5 41. Rc7 b4 42. Rb7 Rb1+ 43. Kd2 Rb2+ 44. Ke3 Rb3+ 45. Kd2 Rd3+ 46. Ke1 b3 47. Rb6 h5 48. h4+ Kg4 49. Rb8 Kf3 50. Rf8+ Ke3 51. Rb8 Bf3 52. Re8+ Be4 53. Rb8 b2 54. Rxb2 Ra3 55. Nc1 Kxd4 56. Kd2 Ke5 57. Rb3 Rxb3 58. Nxb3 d4 59. Ke2 Bf5 60. Nd2 Bc2 61. Nf3+ Ke4 62. Nd2+ Kf5 63. Nf3 d3+ 64. Ke3 1/2-1/2

[Event "FIDE WY-U16 Olympiad 2022"]
[Site "Nakhchivan"]
[Date "2022.10.06"]
[Round "5.5"]
[White "Daneshvar, Bardiya"]
[Black "Pranav Vijay"]
[Result "1/2-1/2"]
[ECO "E19"]
[WhiteElo "2515"]
[BlackElo "2265"]
[Annotator "TA"]
[PlyCount "103"]
[EventDate "2022.10.02"]
[EventType "team-tourn"]
[EventCountry "AZE"]
[SourceTitle "playchess.com"]
[Source "ChessBase"]
[SourceQuality "1"]
[WhiteTeam "Iran"]
[BlackTeam "India"]
[WhiteTeamCountry "IRI"]
[BlackTeamCountry "IND"]
[TimeControl "40/5400+30:1800+30"]

1. Nf3 Nf6 2. c4 e6 3. g3 a6 4. Bg2 b5 5. b3 Bb7 6. O-O Be7 7. Nc3 b4 8. Na4 O-O 9. d4 d6 10. Ne1 {[%emt 0:02:14] A13: English Opening: 1...e6.} Bxg2 11. Nxg2 Nbd7 {[%emt 0:00:45] [#]} 12. Qd3 $146 ({Predecessor:} 12. f3 Nb6 13. Nxb6 cxb6 14. e4 b5 15. a3 bxa3 16. Bxa3 Qc7 17. Ne3 Rfb8 18. Qd3 Qb7 19. Rfd1 Bf8 20. Ra2 a5 21. Rda1 a4 22. Bb2 axb3 {½-½ (22) Schlosser,P (2501)-Speelman,J (2493) Dresden 2018}) 12... e5 13. e4 exd4 14. Qxd4 Re8 15. Bb2 Bf8 16. f3 c6 17. Nf4 Qa5 18. Kg2 Rad8 19. Rfe1 Ne5 20. Rad1 Nfd7 21. Rc1 Ng6 22. Nxg6 (22. Nd3 {with more complications.} Qh5 23. Nf2 Qg5 24. Qe3) 22... hxg6 23. Qd2 Rb8 24. h4 Ne5 25. Qc2 Nd7 26. Rcd1 Re6 27. Qd2 Qc7 28. Rh1 f6 29. Qf4 (29. h5 $16 g5 30. g4) 29... Qa5 $11 30. g4 f5 $2 {[%emt 0:02:34] [#]} (30... Ne5 $11 {and Black stays safe.}) 31. gxf5 (31. h5 $18 {And now hxg6 would win.} fxe4 32. hxg6 (32. fxe4 Rbe8 $11) 32... Rxg6 33. Qxe4 (33. Qh2 $2 Qf5 $19)) 31... gxf5 $16 32. exf5 (32. Qxf5 $6 Qxf5 33. exf5 Re2+ 34. Kh3 Kf7 $11) 32... Re7 33. f6 Rf7 (33... Re2+ $2 34. Kf1 Rxb2 35. f7+ (35. Nxb2 Nxf6 36. Rg1 Nd7 $18) 35... Kh7 36. Nxb2 $18) (33... Nxf6 $142 34. Bxf6 gxf6) 34. Qg5 $36 {[%emt 0:00:19][%mdl 2048] White is in control.} Qxg5+ 35. hxg5 {[%emt 0:00:05][%cal Bh4g5,Bg5g6][%mdl 32] Threatens to win with g6.} gxf6 {[%emt 0:00:00] [#]} 36. f4 $1 {[%emt 0:00:15] White has more active pieces.} Re8 37. Kf3 Bg7 (37... Re6 {might work better.} 38. gxf6 Nxf6) 38. g6 $18 (38. Rxd6 fxg5 39. f5 Bxb2 40. Nxb2 Ne5+ 41. Kg2 Rxf5 $15) 38... Rfe7 39. Rxd6 Nf8 40. Bxf6 Re3+ (40... Bxf6 $142 41. Rxf6 Ne6) 41. Kg4 Nxg6 42. Bg5 ({Weaker is} 42. Rxc6 Bxf6 43. Rxf6 Kg7 $18) (42. Bxg7 Kxg7 43. Nc5 (43. Rxc6 R8e4 $14) 43... Re2 $18) 42... Nf8 43. Rxc6 Re2 44. Rxa6 Ne6 45. Rh3 (45. Nb6 $142) 45... Rxa2 46. Kf5 Re2 47. Rb6 (47. Rg3 $18 {Hoping for Bf6.} Rf8+ 48. Kg4) 47... Bd4 48. Rd6 (48. Rxb4 $16 {Black must now prevent Rg3.} Rg2 49. Rb7) 48... Ng7+ $1 $11 {[%emt 0:00:00] The position is equal.} 49. Kg4 Rg2+ 50. Kf3 ({Not} 50. Rg3 $2 Rxg3+ 51. Kxg3 Nf5+ 52. Kg4 Nxd6 $19) 50... Rf2+ 51. Kg4 Rg2+ 52. Kf3 {[%emt 0:00:00] Weighted Error Value: White=0.23 (precise) /Black=0.20 (precise)} ({But not} 52. Rg3 $2 Rxg3+ 53. Kxg3 Nf5+ 54. Kg4 Nxd6 $19) 1/2-1/2

[Event "FIDE WY-U16 Olympiad 2022"]
[Site "Nakhchivan"]
[Date "2022.10.06"]
[Round "5.5"]
[White "Teh, Rui Gen"]
[Black "Orozbaev, Eldiar"]
[Result "0-1"]
[ECO "B23"]
[WhiteElo "1824"]
[BlackElo "2344"]
[Annotator "TA"]
[PlyCount "61"]
[EventDate "2022.10.02"]
[EventType "team-tourn"]
[EventCountry "AZE"]
[SourceTitle "playchess.com"]
[Source "ChessBase"]
[SourceQuality "1"]
[WhiteTeam "Malaysia"]
[BlackTeam "Kyrgyzstan"]
[WhiteTeamCountry "MAS"]
[BlackTeamCountry "KGZ"]
[TimeControl "40/5400+30:1800+30"]

1. e4 c5 2. Nc3 e6 3. Nge2 Nc6 4. g3 d5 5. exd5 exd5 6. d4 Nf6 7. Bg2 cxd4 8. Nxd4 Bg4 9. Qd3 Bc5 {[%emt 0:07:38] B24: Closed Sicilian: 3 g3 sidelines.} 10. Be3 Qb6 {[%emt 0:03:05][%csl LRb2,LRd4][%cal Rc5d4] [#]} 11. Nce2 $146 (11. Nxc6 $11 bxc6 12. O-O Bxe3 13. fxe3 (13. Qxe3+ Be6 $11)) ({Predecessor:} 11. Nxc6 Bxe3 12. O-O bxc6 13. fxe3 O-O 14. Qd4 Qxd4 15. exd4 Rab8 16. b3 Rfe8 17. Rae1 {1-0 (25) Indjic,A (2604)-Martin Carmona,G (2346) Chess.com INT 2022}) 11... Qxb2 {[%emt 0:12:20] Black is slightly better.} 12. Nxc6 bxc6 (12... Qxa1+ $19 13. Kd2 Qxa2 14. Bxc5 bxc6) 13. O-O $15 Be7 (13... Qa3 $5 14. Nd4 Bd7 $15) 14. Nd4 Qb7 15. Rab1 {[%emt 0:05:50][%mdl 1024] White has compensation.} Qc8 16. Rfe1 {[%emt 0:06:52] Threatens to win with Bf4.} ({Of course not} 16. f3 Bd7 17. Bf4 O-O $17) 16... O-O $1 17. Qd2 Re8 18. c4 Bh3 19. Bh1 Ne4 20. Qc2 (20. Qd3 $15) 20... Bf6 (20... c5 $17 21. Nb3 Bf5) 21. Rec1 (21. Rbc1 $15) 21... c5 $19 22. Nb5 {[%emt 0:00:53] [#]} Bf5 $1 23. Qa4 (23. Qd1) 23... Qd7 {[%emt 0:08:33] Hoping for ...d4.} ({Wrong is} 23... a6 $2 24. Bxe4 axb5 25. Bxf5 Qxf5 26. Qxb5 $19) 24. Qa6 d4 25. Bf4 g5 $2 (25... d3 $19 26. Bg2 d2) 26. Bxe4 $15 {[%emt 0:00:27][%mdl 64] [#] Remove Defender} Bxe4 27. Qxf6 gxf4 $40 {[%emt 0:00:04][%mdl 128] Black wants a kill.} 28. Rb2 (28. Nd6 $17 {was worth a try.} Bxb1 29. Nxe8 Rxe8 30. Rxb1) 28... f3 $2 {[%emt 0:01:11] The board is on fire.} ({Better is} 28... fxg3 $19 29. fxg3 Bg6) 29. Qg5+ $2 (29. Nd6 $11) 29... Bg6 $19 {[%emt 0:00:05] ( -> ...Qh3)} 30. Qf4 Qh3 31. Qd2 {Weighted Error Value: White=0.89/Black=0.53} 0-1

[Event "FIDE WY-U16 Olympiad 2022"]
[Site "Nakhchivan"]
[Date "2022.10.06"]
[Round "5.6"]
[White "Pranesh M"]
[Black "Mahdavi, Reza"]
[Result "1-0"]
[ECO "B48"]
[WhiteElo "2442"]
[BlackElo "2324"]
[Annotator "TA"]
[PlyCount "49"]
[EventDate "2022.10.02"]
[EventType "team-tourn"]
[EventCountry "AZE"]
[SourceTitle "playchess.com"]
[Source "ChessBase"]
[SourceQuality "1"]
[WhiteTeam "India"]
[BlackTeam "Iran"]
[WhiteTeamCountry "IND"]
[BlackTeamCountry "IRI"]
[TimeControl "40/5400+30:1800+30"]

1. e4 c5 2. Nf3 e6 3. d4 cxd4 4. Nxd4 Nc6 5. Nc3 Qc7 6. Be3 a6 7. a3 Nf6 8. f4 d6 9. Qf3 Be7 10. O-O-O {[%emt 0:03:02] B82: Sicilian Scheveningen: 6 f4.} O-O {[%emt 0:12:51] 10...0-0 scores better than 10...Bd7.} 11. Nxc6 Qxc6 (11... bxc6 $11 12. Be2 Bb7) 12. g4 $16 {[%emt 0:02:11][%cal Bg2g4,Bg4g5][%mdl 32] White is better.} b5 13. g5 Nd7 {[%emt 0:00:09] [#]} 14. f5 $146 {[%emt 0:00:28][%cal Bf4f5,Bf5f6][%mdl 32] White is more active.} ({Predecessor:} 14. Bd3 Nc5 15. Kb1 Nxd3 16. cxd3 b4 17. axb4 Rb8 18. b5 axb5 19. Rc1 Qa6 20. Na2 {0-1 (37) Idani,P (2568)-Cori,J (2671) chess24.com INT 2020}) 14... Ne5 15. Qg3 $36 {[%emt 0:05:29][%mdl 2048] White is really pushing.} Re8 (15... exf5 $16 16. Bg2 f4 17. Bxf4 Re8) 16. h4 ({White must play} 16. f6 $1 $18 ) 16... Bf8 (16... exf5 $16 17. exf5 Qxh1) 17. f6 $18 {[%emt 0:04:38] aiming for h5.} Rb8 $2 (17... Qc7 18. Be2 Bb7) 18. h5 {[%emt 0:00:37][%cal Og5g6] And now g6! would win.} Rb7 (18... b4 $142) 19. g6 fxg6 20. hxg6 Nxg6 {[%emt 0:00:08] [#]} 21. Rxh7 $3 Ne5 22. Qh4 {[%emt 0:00:45] White threatens Rh8+ and mate.} gxf6 23. Rh8+ Kf7 {[%emt 0:00:07] [#]} 24. Qh7+ (24. Bxb5 $142 $1 Ke7 (24... Bg7 25. Rh7) 25. Bxc6 Nxc6 26. Rh7+ Kd8 27. Qxf6+ Rbe7 28. e5) 24... Bg7 {[%emt 0:00:06] [#]} 25. Bh6 $1 {[%emt 0:00:13] White took control after the opening.  Weighted Error Value: White=0.34/Black=0.92} 1-0

[Event "FIDE WY-U16 Olympiad 2022"]
[Site "Nakhchivan"]
[Date "2022.10.06"]
[Round "5.6"]
[White "Zhakshylykov, Erzhan"]
[Black "Navaratnam, Ishaan Quan Tze"]
[Result "1-0"]
[ECO "E81"]
[WhiteElo "2260"]
[BlackElo "1862"]
[Annotator "TA"]
[PlyCount "74"]
[EventDate "2022.10.02"]
[EventType "team-tourn"]
[EventCountry "AZE"]
[SourceTitle "playchess.com"]
[Source "ChessBase"]
[SourceQuality "1"]
[WhiteTeam "Kyrgyzstan"]
[BlackTeam "Malaysia"]
[WhiteTeamCountry "KGZ"]
[BlackTeamCountry "MAS"]
[TimeControl "40/5400+30:1800+30"]

1. d4 Nf6 2. c4 g6 3. Nc3 Bg7 4. e4 d6 5. f3 O-O 6. Be3 Nbd7 7. Nge2 c5 8. d5 Ne5 9. Ng3 h5 10. Be2 {[%emt 0:01:53] E81: King's Indian: Sämisch: 6th move deviations (including 6 Be3 c6).} e6 11. O-O exd5 12. cxd5 {[%emt 0:01:01] White is slightly better.} Bd7 13. h3 {[%emt 0:17:07] [#]} Be8 $146 ({Predecessor:} 13... h4 14. Nh1 b5 15. Nxb5 Bxb5 16. Bxb5 Rb8 17. Qe2 Qb6 18. a4 Rfc8 19. b4 g5 20. bxc5 dxc5 21. Bxg5 {1-0 (46) Sakline Mostafa,S (2089)-Mohammad Shafiqul,I (1720) Dhaka 2022}) 14. f4 Ned7 15. Bf3 Nh7 16. a4 Nb6 17. Bf2 Bd7 18. Re1 Qf6 19. Nge2 g5 (19... Nc4 $142) 20. e5 $1 $16 (20. Bxh5 gxf4 21. Qd3 a5 $11) 20... Qh6 21. a5 (21. e6 $142 $1 {a5 is the strong threat.} fxe6 22. dxe6 Bxe6 23. Qxd6) 21... Nc8 $2 (21... g4 $16 {was necessary.}) 22. e6 $18 fxe6 23. dxe6 Bc6 24. Bd5 (24. Nd5 $18 {is more deadly.}) 24... Ne7 (24... Kh8 $16) 25. Bxc6 Nxc6 26. Qxd6 {[%emt 0:00:58] Hoping for a6.} gxf4 (26... Rad8 $16 27. Qxc5 Qxe6 28. fxg5 Ne5) 27. a6 $1 (27. Qxc5 $6 f3 $18) 27... Be5 28. Qxc5 f3 29. axb7 {[%emt 0:00:36] Chess con chili. Active counter play!} Qg6 30. g3 (30. Ng3 Bxg3 31. Bxg3 Qxg3 $15) 30... Rae8 {[%emt 0:02:53][%cal Oh7g5] Strongly threatening ...Ng5!} 31. Qxc6 Qf5 $2 (31... Ng5) 32. Kh2 $2 (32. Nf4 $18 {and White stays clearly on top.} Ng5 33. Rxe5 $1 Qxe5 34. Ng6 Qxe6 35. Qxe6+ Nxe6 36. Nxf8 Nxf8 37. Bxa7) 32... fxe2 $4 (32... Ng5 $16 {is tougher.} 33. Ng1 Qc2) 33. Rxe2 Ng5 34. Qg2 {[%emt 0:00:13] And now Bc5 would win.} h4 35. e7 Rxe7 {[%emt 0:00:36] aiming for ...Rh7.} 36. Rf1 $2 {[%emt 0:00:45] [#]} (36. Kh1 $18 Nxh3 37. Bc5 (37. Bxa7 hxg3 38. Qd5+ Kh7 $14) (37. gxh4+ $2 Rg7 $19) 37... hxg3 38. Bxe7) 36... Rh7 ({Black should play} 36... Rxb7 $1 $15 37. Ne4 (37. Kh1 Bxg3 38. Rd1 Qxh3+ 39. Qxh3 Nxh3 $17) 37... Nxe4 38. Qxe4 hxg3+ 39. Kg2 Qxe4+ 40. Rxe4 gxf2 41. Rxe5 Rxb2 42. Rg5+ Kh7) 37. Qd5+ (37. Rxe5 $11 {keeps the balance.} Qxe5 38. Kh1 (38. Re1 $2 hxg3+ 39. Kh1 gxf2 $19) 38... hxg3 39. Bd4 $1 Rxf1+ 40. Qxf1) 37... Nf7 $4 {[%emt 0:00:00][%mdl 8192] Weighted Error Value: White=0.82/Black=0.49} (37... Rhf7 $17 38. Qg2 {[#]} Rxb7 $1) 1-0

[Event "FIDE WY-U16 Olympiad 2022"]
[Site "Nakhchivan"]
[Date "2022.10.06"]
[Round "5.7"]
[White "Movahed, Sina"]
[Black "Harshad S"]
[Result "1-0"]
[ECO "B99"]
[WhiteElo "2325"]
[BlackElo "2228"]
[Annotator "TA"]
[PlyCount "101"]
[EventDate "2022.10.02"]
[EventType "team-tourn"]
[EventCountry "AZE"]
[SourceTitle "playchess.com"]
[Source "ChessBase"]
[SourceQuality "1"]
[WhiteTeam "Iran"]
[BlackTeam "India"]
[WhiteTeamCountry "IRI"]
[BlackTeamCountry "IND"]
[TimeControl "40/5400+30:1800+30"]

1. e4 c5 2. Nf3 d6 3. d4 cxd4 4. Nxd4 Nf6 5. Nc3 a6 6. Bg5 e6 7. f4 Be7 8. Qf3 Qc7 9. O-O-O Nbd7 10. g4 h6 11. Bxf6 Bxf6 12. h4 Nb6 {[%emt 0:00:23] is now more promising than 12...Qb6. B99: Sicilian Najdorf: 6 Bg5 e6 7 f4 Be7 8 Qf3 Qc7 9 0-0-0 Nbd7.} 13. g5 Bxd4 14. Rxd4 Qc5 {[%emt 0:00:06] White is slightly better.} 15. Rd2 Bd7 16. g6 {[%emt 0:07:01] [#] And now gxf7+ would win.} O-O 17. gxf7+ Rxf7 18. Qg3 Raf8 19. Rg1 Na4 {[%emt 0:39:49] [#]} 20. Nd1 $146 ({Predecessor:} 20. Nxa4 Bxa4 21. Bh3 Bd7 22. e5 d5 23. c3 Qc4 24. Rd4 Qxa2 25. Qf2 a5 26. Rg3 b5 27. Bf1 b4 28. Kc2 Ba4+ 29. Kd3 bxc3 30. Rg2 c2 31. Qe1 Qxb2 {0-1 (31) Massanet Massanet,S (2232)-Zambrana Petisme,R (2128) Linares 2022}) 20... Kh8 21. c3 Qc7 22. Bd3 Nc5 {[%emt 0:00:27] Hoping for ...Bc6.} 23. Bc2 Bc6 24. Qe3 Rxf4 25. e5 Bd5 (25... Rxh4 $2 26. exd6 Qf7 27. Qxc5 $18) 26. exd6 Qxd6 27. b4 $1 ({Much weaker is} 27. Qg3 Qe7 28. Qg6 Be4 29. Bxe4 Nxe4 $17) 27... Nd7 28. Qd3 $1 $40 {[%emt 0:00:06][%csl Gc2][%cal Rd3h7][%mdl 128] White has some attack.} R8f5 (28... Nf6 $11) 29. Qg3 $14 Qf8 30. Bxf5 Rxf5 31. Rf2 Rxf2 (31... Qf6 $14) 32. Qxf2 $16 Qxf2 33. Nxf2 Bxa2 $14 {[%emt 0:00:08][%mdl 4096] Endgame KRN-KBN} 34. Nd3 {[%emt 0:00:41] Inhibits Ne5.} (34. Kd2 $142) 34... Kh7 (34... Kg8 $142) 35. Nf4 {[%emt 0:01:42][%mdl 1024] White has strong compensation.} e5 36. Nh5 g6 {[%emt 0:00:09] [#] Black cannot hold the game after this.} (36... g5 $16) 37. Rd1 $1 $18 Nf8 (37... Be6 {was worth a try.}) 38. Nf6+ Kg7 39. Nd7 Bb3 (39... g5 $142 40. hxg5 (40. Nxe5 gxh4 41. Nf3 h3 $16) 40... hxg5 41. Nxf8 (41. Nxe5 Be6 $16) 41... Kxf8) 40. Rd6 {[%emt 0:00:06] aiming for Nxf8.} Nxd7 (40... Bf7 41. Nxf8 Kxf8) 41. Rxd7+ {[%emt 0:30:08] KR-KB} Kf6 42. Rxb7 {[%emt 0:00:00] Threatens to win with Rb6+.} Kf5 43. Kd2 g5 44. hxg5 hxg5 45. Ke3 g4 46. Rc7 {[%emt 0:00:00] c4 is the strong threat.} Bd5 47. c4 Bg2 48. b5 {[%emt 0:00:00] White mates.} axb5 49. cxb5 Ke6 50. b6 Kd6 51. Rg7 {[%emt 0:00:00] Weighted Error Value: White=0.08 (flawless) /Black=0.46} 1-0

[Event "FIDE WY-U16 Olympiad 2022"]
[Site "Nakhchivan"]
[Date "2022.10.06"]
[Round "5.7"]
[White "Thamil Manni, Swetha"]
[Black "Iunusov, Nuriddin"]
[Result "0-1"]
[ECO "A45"]
[WhiteElo "1428"]
[BlackElo "1940"]
[Annotator "TA"]
[PlyCount "45"]
[EventDate "2022.10.02"]
[EventType "team-tourn"]
[EventCountry "AZE"]
[SourceTitle "playchess.com"]
[Source "ChessBase"]
[SourceQuality "1"]
[WhiteTeam "Malaysia"]
[BlackTeam "Kyrgyzstan"]
[WhiteTeamCountry "MAS"]
[BlackTeamCountry "KGZ"]
[TimeControl "40/5400+30:1800+30"]

1. d4 Nf6 2. Bf4 c5 3. e3 Nd5 4. Bxb8 Rxb8 5. c4 Qa5+ 6. Nd2 {[%emt 0:02:56] A45: Trompowsky Attack.} Nf6 7. Ngf3 g6 8. Bd3 {[%emt 0:05:50] [#] The position is equal.} Bg7 $146 ({Predecessor:} 8... d6 9. O-O Bg7 10. a3 Qc7 11. Re1 e6 12. Nb1 O-O 13. Nc3 a6 14. Rc1 b6 {0-1 (49) Lorenz,B-Green,M (2050) ICCF email 2017}) 9. h4 d6 10. a3 O-O 11. Qb1 Bg4 {[%emt 0:13:41] Black is more active.} 12. b4 Qc7 13. b5 (13. O-O $15) 13... cxd4 $17 14. Nxd4 e5 15. N4b3 (15. b6 $17 axb6 16. Nb5) 15... d5 $19 16. cxd5 Nxd5 17. e4 Nf4 ({Don't blunder} 17... Nc3 $2 18. Qc2 $19) 18. O-O (18. Bf1 $142) 18... Qd8 19. Bc4 Qxh4 {[%emt 0:01:43] Hoping for ...Rbc8.} 20. g3 (20. Qe1 $142 Bh3 21. g3) 20... Qg5 21. gxf4 $2 {[%emt 0:04:06] [#]} (21. Rc1 $19) 21... exf4 22. f3 Bxf3+ {[%emt 0:00:12][%mdl 64] Discovered Attack. This bishop pair is nice.} 23. Kf2 {[%emt 0:00:08] Weighted Error Value: White=0.77/Black=0.22 (precise)} 0-1